[Event "XVIII Orsha IM 2020"]
[Site "Orsha"]
[Date "2020.01.19"]
[Round "2.1"]
[White "Gogolev, Artem"]
[Black "Tsaruk, Maksim"]
[Result "1/2-1/2"]
[ECO "D20"]
[WhiteElo "2328"]
[BlackElo "2316"]
[Annotator "ChessBase"]
[PlyCount "183"]
[EventDate "2020.01.18"]
[EventType "tourn"]
[EventCountry "BLR"]
[SourceTitle "playchess.com"]
[Source "ChessBase"]
[SourceQuality "1"]
[TimeControl "5400+30"]

1. d4 d5 2. c4 dxc4 3. e3 e5 4. Bxc4 exd4 5. exd4 Nf6 6. Nc3 Bd6 7. Qe2+ Qe7 8. Qxe7+ Kxe7 9. Nf3 Be6 10. Bxe6 fxe6 11. O-O Nc6 12. Re1 Nb4 13. Re2 Rae8 14. Bg5 Kd7 15. Rd1 Nfd5 16. a3 Nc6 17. Ne5+ Bxe5 18. dxe5 h6 19. Bh4 g5 20. Bg3 Nce7 21. Ne4 b6 22. Nf6+ Kc8 23. Nxe8 Rxe8 24. b4 Nc3 25. Red2 Nxd1 26. Rxd1 Nf5 27. f3 Rd8 28. Rxd8+ Kxd8 29. Bf2 Kd7 30. g4 Ne7 31. h4 Nc6 32. hxg5 hxg5 33. Bg3 Nd4 34. Kf2 Ke7 35. f4 Kf7 36. a4 a6 37. Ke3 Nc2+ 38. Ke4 gxf4 39. Bxf4 Nxb4 40. Bd2 Nc6 41. Bg5 Kg6 42. Bd2 Nb8 43. Kd4 Nd7 44. a5 Nb8 45. axb6 cxb6 46. Bf4 Nc6+ 47. Kc4 Kg7 48. Bg3 Kh6 49. Bf4+ Kg6 50. Kd3 b5 51. Kc3 a5 52. Kb3 Nd4+ 53. Ka3 Nc6 54. Kb3 a4+ 55. Ka3 Ne7 56. Bc1 Nd5 57. Bd2 Kf7 58. Bc1 Ke7 59. Bd2 Kd7 60. Bh6 Kc6 61. g5 Kd7 62. Bf8 Ke8 63. Bg7 Kf7 64. Bf6 Kg6 65. Bd8 Kg7 66. Bf6+ Kf7 67. Bd8 Kg6 68. Bf6 Kf5 69. Bd8 Ne3 70. Kb4 Nc4 71. Be7 a3 72. Kb3 Nxe5 73. Bxa3 Nc6 74. Bc1 e5 75. Kc3 Ke6 76. Bd2 Kf5 77. Bc1 e4 78. Kb3 Ke5 79. Bb2+ Ke6 80. g6 e3 81. Kc2 Nb4+ 82. Kd1 Nd5 83. g7 Kf7 84. Bd4 b4 85. Ke2 b3 86. Be5 Kg8 87. Bb2 Kh7 88. Kd3 Nb6 89. Kxe3 Nc4+ 90. Kd3 Nxb2+ 91. Kc3 Kxg7 92. Kxb2 1/2-1/2

[Event "XVIII Orsha IM 2020"]
[Site "Orsha"]
[Date "2020.01.19"]
[Round "2.2"]
[White "Markelova, Lubov"]
[Black "Goltseva, Ekaterina"]
[Result "1/2-1/2"]
[ECO "D32"]
[WhiteElo "2200"]
[BlackElo "2304"]
[Annotator "ChessBase"]
[PlyCount "56"]
[EventDate "2020.01.18"]
[EventType "tourn"]
[EventCountry "BLR"]
[SourceTitle "playchess.com"]
[Source "ChessBase"]
[SourceQuality "1"]
[TimeControl "5400+30"]

1. Nf3 Nf6 2. c4 e6 3. Nc3 d5 4. e3 c5 5. d4 Nc6 6. cxd5 exd5 7. Bb5 cxd4 8. Nxd4 Bd7 9. O-O Bd6 10. Nf3 a6 11. Bxc6 Bxc6 12. b3 O-O 13. Bb2 Qe7 14. Qd4 Bc5 15. Qe5 Qe6 16. Rfd1 Ng4 17. Qxe6 fxe6 18. h3 Nf6 19. Ne5 Rac8 20. Rac1 Nd7 21. Ne2 Bb5 22. Nf4 Bd6 23. Nxd7 Bxd7 24. Nd3 Bb5 25. Ne5 Rfd8 26. a4 Be8 27. Bd4 Bxe5 28. Bxe5 Rc6 1/2-1/2

[Event "XVIII Orsha IM 2020"]
[Site "Orsha"]
[Date "2020.01.19"]
[Round "2.3"]
[White "Runets, Ivan"]
[Black "Makoveev, Ilya"]
[Result "1/2-1/2"]
[ECO "A38"]
[WhiteElo "2304"]
[BlackElo "2277"]
[Annotator "ChessBase"]
[PlyCount "113"]
[EventDate "2020.01.18"]
[EventType "tourn"]
[EventCountry "BLR"]
[SourceTitle "playchess.com"]
[Source "ChessBase"]
[SourceQuality "1"]
[TimeControl "5400+30"]

1. Nf3 Nf6 2. c4 c5 3. b3 g6 4. Bb2 Bg7 5. g3 Nc6 6. Bg2 d6 7. O-O Bd7 8. Nc3 O-O 9. d3 Rb8 10. Qd2 Ne8 11. e3 Nc7 12. d4 Bg4 13. d5 Bxf3 14. Bxf3 Ne5 15. Be2 Nd7 16. h4 f5 17. Kg2 Nf6 18. Rad1 Qd7 19. Rh1 Ne4 20. Qc2 Nxc3 21. Bxc3 Bxc3 22. Qxc3 h5 23. Bd3 Rf6 24. Rhe1 Rbf8 25. f4 e6 26. dxe6 Rxe6 27. e4 Qc6 28. Kh2 fxe4 29. Bf1 Re7 30. Qd2 Ne6 31. Qxd6 Qxd6 32. Rxd6 Nd4 33. Kg2 Kg7 34. Rd5 Rf5 35. Rxf5 gxf5 36. Be2 Nxe2 37. Rxe2 Rd7 38. Kf2 Kf6 39. Rb2 Rd3 40. b4 cxb4 41. Rxb4 b6 42. Ra4 Rd7 43. Ra6 Rc7 44. a4 Ke6 45. a5 Rxc4 46. axb6 axb6 47. Rxb6+ Kd5 48. Rf6 Rc2+ 49. Ke3 Rc3+ 50. Ke2 Rxg3 51. Rxf5+ Kd4 52. Rxh5 Rg2+ 53. Kf1 Ra2 54. Rb5 Ke3 55. Rb3+ Kxf4 56. Ke1 Rh2 57. Rb5 1/2-1/2

[Event "XVIII Orsha IM 2020"]
[Site "Orsha"]
[Date "2020.01.19"]
[Round "2.4"]
[White "Alekseev, Vadim"]
[Black "Kononenko, Dmitry"]
[Result "1/2-1/2"]
[ECO "D76"]
[WhiteElo "2354"]
[BlackElo "2613"]
[Annotator "ChessBase"]
[PlyCount "53"]
[EventDate "2020.01.18"]
[EventType "tourn"]
[EventCountry "BLR"]
[SourceTitle "playchess.com"]
[Source "ChessBase"]
[SourceQuality "1"]
[TimeControl "5400+30"]

1. d4 Nf6 2. c4 g6 3. Nf3 Bg7 4. g3 O-O 5. Bg2 d5 6. cxd5 Nxd5 7. O-O Nc6 8. Nc3 Nb6 9. e3 Re8 10. Re1 e5 11. d5 Na5 12. e4 c6 13. b3 cxd5 14. exd5 Bg4 15. Ba3 f5 16. Bb4 e4 17. Bxa5 Qd6 18. h3 Bxf3 19. Bxf3 exf3 20. Re6 Rxe6 21. dxe6 Qc6 22. Rc1 Rc8 23. Bxb6 axb6 24. e7 Bxc3 25. Qd8+ Kg7 26. Rxc3 Qxc3 27. e8=Q 1/2-1/2

[Event "XVIII Orsha IM 2020"]
[Site "Orsha"]
[Date "2020.01.19"]
[Round "3.1"]
[White "Novitzkij, Dmitrij"]
[Black "Gogolev, Artem"]
[Result "1/2-1/2"]
[ECO "C47"]
[WhiteElo "2329"]
[BlackElo "2328"]
[Annotator "ChessBase"]
[PlyCount "23"]
[EventDate "2020.01.18"]
[EventType "tourn"]
[EventCountry "BLR"]
[SourceTitle "playchess.com"]
[Source "ChessBase"]
[SourceQuality "1"]
[TimeControl "5400+30"]

1. e4 e5 2. Nf3 Nc6 3. d4 exd4 4. Nxd4 Nf6 5. Nc3 Bb4 6. Nxc6 bxc6 7. Bd3 O-O 8. O-O Re8 9. Qf3 Bd6 10. Bf4 Bxf4 11. Qxf4 d6 12. Rfe1 1/2-1/2

[Event "XVIII Orsha IM 2020"]
[Site "Orsha"]
[Date "2020.01.19"]
[Round "3.2"]
[White "Kononenko, Dmitry"]
[Black "Shkalov, Oleg"]
[Result "1-0"]
[ECO "A30"]
[WhiteElo "2613"]
[BlackElo "2151"]
[Annotator "ChessBase"]
[PlyCount "123"]
[EventDate "2020.01.18"]
[EventType "tourn"]
[EventCountry "BLR"]
[SourceTitle "playchess.com"]
[Source "ChessBase"]
[SourceQuality "1"]
[TimeControl "5400+30"]

1. Nf3 c5 2. c4 Nf6 3. Nc3 g6 4. g3 b6 5. Bg2 Bb7 6. O-O Bg7 7. Re1 d6 8. e4 e5 9. d3 Nc6 10. Nd5 Nd4 11. Nxd4 cxd4 12. Bg5 h6 13. Qa4+ Kf8 14. Bd2 Kg8 15. Bh3 Kh7 16. Qb4 Qb8 17. a4 Bc8 18. Bxc8 Rxc8 19. a5 Nxd5 20. exd5 Qc7 21. axb6 axb6 22. Ra4 Qd7 23. Rxa8 Rxa8 24. Qxb6 Qf5 25. Qb3 Qf3 26. Qc2 h5 27. h4 f5 28. Bg5 Bh6 29. Qd1 Qxd1 30. Rxd1 Bxg5 31. hxg5 Rb8 32. Rd2 e4 33. dxe4 fxe4 34. Rxd4 e3 35. fxe3 Rxb2 36. Re4 Rc2 37. Kf1 Kg7 38. Re7+ Kf8 39. Re6 Rxc4 40. Rxd6 Rg4 41. Rxg6 Rxg3 42. Ke2 Kf7 43. Rf6+ Kg7 44. Rf3 Rxg5 45. e4 h4 46. Ke3 Rh5 47. d6 h3 48. d7 Rh8 49. e5 h2 50. Rf1 Rf8 51. Rxf8 h1=Q 52. d8=Q Qe1+ 53. Kd4 Qb4+ 54. Kd5 Qb3+ 55. Kd6 Qb4+ 56. Ke6 Qg4+ 57. Rf5 Qc4+ 58. Qd5 Qa6+ 59. Qd6 Qa2+ 60. Ke7 Qa7+ 61. Qd7 Qb8 62. Rf7+ {[%emt 0:30:54] Qb5} 1-0

[Event "XVIII Orsha IM 2020"]
[Site "Orsha"]
[Date "2020.01.19"]
[Round "3.3"]
[White "Makoveev, Ilya"]
[Black "Alekseev, Vadim"]
[Result "1-0"]
[ECO "C16"]
[WhiteElo "2277"]
[BlackElo "2354"]
[Annotator "ChessBase"]
[PlyCount "111"]
[EventDate "2020.01.18"]
[EventType "tourn"]
[EventCountry "BLR"]
[SourceTitle "playchess.com"]
[Source "ChessBase"]
[SourceQuality "1"]
[TimeControl "5400+30"]

1. e4 e6 2. d4 d5 3. Nc3 Bb4 4. e5 Qd7 5. Qg4 Bf8 6. Be3 b6 7. O-O-O Ba6 8. Bxa6 Nxa6 9. f4 Ne7 10. Nge2 O-O-O 11. Qf3 h5 12. g3 Kb8 13. h3 Rc8 14. g4 g6 15. Rhf1 c6 16. Kb1 Nc7 17. Bf2 Nb5 18. Rd3 Nxc3+ 19. Rxc3 Bg7 20. Ng3 h4 21. Ne2 Rcf8 22. Ng1 f6 23. exf6 Rxf6 24. Qe2 Kb7 25. Be3 g5 26. Nf3 gxf4 27. Ne5 Qe8 28. Bxf4 Rhf8 29. Rcf3 Ng6 30. Bh2 Rxf3 31. Rxf3 Bxe5 32. Bxe5 c5 33. b3 cxd4 34. Bxd4 e5 35. Be3 e4 36. Rxf8 Qxf8 37. Qb5 Qf7 38. a4 Ne5 39. a5 Qe6 40. a6+ Kc8 41. Qb4 Qf6 42. Qc3+ Kd7 43. Bxb6 Qf1+ 44. Kb2 Nc6 45. Qg7+ Ke6 46. Qb7 Qf6+ 47. c3 Nb4 48. Qc8+ Kf7 49. Qd7+ Kg8 50. Qe8+ Kh7 51. Qd7+ Kg8 52. Qc8+ Kf7 53. Qb7+ Kg6 54. Bd4 Nd3+ 55. Kc2 Ne5 56. Qxd5 1-0

[Event "XVIII Orsha IM 2020"]
[Site "Orsha"]
[Date "2020.01.19"]
[Round "3.4"]
[White "Goltseva, Ekaterina"]
[Black "Runets, Ivan"]
[Result "1/2-1/2"]
[ECO "D36"]
[WhiteElo "2304"]
[BlackElo "2304"]
[Annotator "ChessBase"]
[PlyCount "88"]
[EventDate "2020.01.18"]
[EventType "tourn"]
[EventCountry "BLR"]
[SourceTitle "playchess.com"]
[Source "ChessBase"]
[SourceQuality "1"]
[TimeControl "5400+30"]

1. d4 Nf6 2. c4 e6 3. Nc3 d5 4. cxd5 exd5 5. Bg5 c6 6. e3 Be7 7. Qc2 Nbd7 8. Bd3 O-O 9. Nge2 Re8 10. O-O Nf8 11. f3 Be6 12. Rad1 Ng6 13. Ng3 Rc8 14. Nf5 Bf8 15. Qf2 h6 16. Bh4 Nxh4 17. Qxh4 Rc7 18. Rfe1 a6 19. Bb1 c5 20. Kh1 c4 21. g4 b5 22. g5 Nh7 23. gxh6 Bxf5 24. Qxd8 Rxd8 25. hxg7 Bxg7 26. Bxf5 b4 27. Ne2 Re7 28. Ng3 Rde8 29. e4 Ng5 30. Kg2 dxe4 31. fxe4 Rd8 32. e5 Ne6 33. Bxe6 fxe6 34. Re4 Rd5 35. Rc1 Rc7 36. a3 c3 37. axb4 cxb2 38. Rb1 Rc4 39. Rxb2 Rdxd4 40. Rxd4 Rxd4 41. Ra2 Rxb4 42. Rxa6 Bxe5 43. Rxe6 Bxg3 44. hxg3 Kg7 1/2-1/2

[Event "XVIII Orsha IM 2020"]
[Site "Orsha"]
[Date "2020.01.19"]
[Round "3.5"]
[White "Tsaruk, Maksim"]
[Black "Markelova, Lubov"]
[Result "1-0"]
[ECO "C08"]
[WhiteElo "2316"]
[BlackElo "2200"]
[Annotator "ChessBase"]
[PlyCount "101"]
[EventDate "2020.01.18"]
[EventType "tourn"]
[EventCountry "BLR"]
[SourceTitle "playchess.com"]
[Source "ChessBase"]
[SourceQuality "1"]
[TimeControl "5400+30"]

1. e4 e6 2. d4 d5 3. Nd2 c5 4. exd5 exd5 5. Ngf3 Nf6 6. Bb5+ Bd7 7. Bxd7+ Nbxd7 8. O-O Be7 9. dxc5 Nxc5 10. Re1 O-O 11. Nf1 Nce4 12. Be3 Bc5 13. Bxc5 Nxc5 14. Ne3 Re8 15. Qd2 Qd7 16. Rad1 Rad8 17. Qb4 b6 18. a3 Qc8 19. Nd4 Nce4 20. Nef5 Qc7 21. f3 a5 22. Qb5 Nd6 23. Nxd6 Qxd6 24. Nc6 Rc8 25. Rxe8+ Rxe8 26. Nd4 g6 27. Qc6 Qxc6 28. Nxc6 Kf8 29. Kf2 Rc8 30. Nd4 Ke7 31. Ke3 Kd6 32. Kd2 Kc5 33. Ne2 Nd7 34. Kc1 Ne5 35. Nc3 d4 36. Na4+ Kc6 37. Rxd4 b5 38. Nc3 f5 39. Rd5 Re8 40. Rxb5 Nc4 41. Rd5 a4 42. Rd1 Nb6 43. Rf1 g5 44. g4 Re5 45. f4 gxf4 46. Rxf4 fxg4 47. Rxg4 Re1+ 48. Kd2 Rh1 49. Rh4 h5 50. Kd3 Nc8 51. Ke4 1-0

[Event "XVIII Orsha IM 2020"]
[Site "Orsha"]
[Date "2020.01.20"]
[Round "4.1"]
[White "Gogolev, Artem"]
[Black "Markelova, Lubov"]
[Result "1-0"]
[ECO "D12"]
[WhiteElo "2328"]
[BlackElo "2200"]
[Annotator "RC"]
[PlyCount "69"]
[EventDate "2020.01.18"]
[EventType "tourn"]
[EventCountry "BLR"]
[SourceTitle "playchess.com"]
[Source "ChessBase"]
[SourceQuality "1"]
[TimeControl "5400+30"]

1. d4 d5 2. c4 c6 3. Nf3 Nf6 4. e3 Bf5 5. Nc3 e6 6. Nh4 Be4 7. f3 Bg6 8. Qb3 Qc7 9. cxd5 exd5 10. e4 dxe4 11. Nxg6 hxg6 12. fxe4 Nbd7 13. e5 Nxe5 14. dxe5 Qxe5+ 15. Be2 Rxh2 16. Rxh2 Qg3+ 17. Kd1 O-O-O+ 18. Kc2 Qxh2 19. Qxf7 Qg3 20. Bd2 Bb4 21. Qe6+ Kb8 22. Qe3 Qxg2 23. Rg1 Qh2 24. Qf4+ Qxf4 25. Bxf4+ Bd6 26. Bxd6+ Rxd6 27. Rxg6 Rd7 28. Bd3 Re7 29. Rg2 Kc7 30. a3 a5 31. Ne2 Nd5 32. Rg5 b5 33. Nd4 Ne3+ 34. Kd2 Kb6 35. Rg6 1-0

[Event "XVIII Orsha IM 2020"]
[Site "Orsha"]
[Date "2020.01.20"]
[Round "4.2"]
[White "Runets, Ivan"]
[Black "Tsaruk, Maksim"]
[Result "1/2-1/2"]
[ECO "D27"]
[WhiteElo "2304"]
[BlackElo "2316"]
[Annotator "RC"]
[PlyCount "107"]
[EventDate "2020.01.18"]
[EventType "tourn"]
[EventCountry "BLR"]
[SourceTitle "playchess.com"]
[Source "ChessBase"]
[SourceQuality "1"]
[TimeControl "5400+30"]

1. d4 d5 2. c4 dxc4 3. e3 Nf6 4. Bxc4 e6 5. Nf3 c5 6. O-O a6 7. Bb3 Nc6 8. Nc3 Be7 9. dxc5 Bxc5 10. Qxd8+ Kxd8 11. a3 Ke7 12. Bd2 Rd8 13. Rfc1 Ba7 14. Be1 Bd7 15. Na2 Rac8 16. Nb4 Bb8 17. Nd3 Ne4 18. Nc5 Nxc5 19. Rxc5 Bd6 20. Rc3 Ne5 21. Nd4 Rxc3 22. Bxc3 Rc8 23. Rc1 Nd3 24. Rd1 Nc5 25. Bb4 a5 26. Bxc5 Bxc5 27. Ne2 Bd6 28. Rc1 Rxc1+ 29. Nxc1 h5 30. h4 g6 31. Bc2 Be5 32. Nd3 Bf6 33. g3 Bc6 34. a4 Kd6 35. Kf1 Be4 36. Ke2 b6 37. b3 Bc3 38. Nb4 Bb7 39. Na2 Bb2 40. Bd3 Bd5 41. Bc2 b5 42. axb5 Kc5 43. e4 Bb7 44. Bd3 Bd4 45. f3 Bc8 46. Bc4 Bd7 47. Nc1 Bxb5 48. Nd3+ Kb6 49. Bxb5 Kxb5 50. f4 Kc6 51. Kf3 Kd6 52. g4 f5 53. g5 Bc3 54. Ke3 {[%emt 0:01:21] Ke5} 1/2-1/2

[Event "XVIII Orsha IM 2020"]
[Site "Orsha"]
[Date "2020.01.20"]
[Round "4.3"]
[White "Alekseev, Vadim"]
[Black "Goltseva, Ekaterina"]
[Result "1/2-1/2"]
[ECO "C26"]
[WhiteElo "2354"]
[BlackElo "2304"]
[Annotator "RC"]
[PlyCount "73"]
[EventDate "2020.01.18"]
[EventType "tourn"]
[EventCountry "BLR"]
[SourceTitle "playchess.com"]
[Source "ChessBase"]
[SourceQuality "1"]
[TimeControl "5400+30"]

1. e4 e5 2. Nc3 Nf6 3. g3 d5 4. exd5 Nxd5 5. Bg2 Nxc3 6. bxc3 Nc6 7. Ne2 Bd6 8. d4 O-O 9. O-O Bg4 10. Rb1 Rb8 11. d5 Na5 12. h3 Bh5 13. g4 Bg6 14. Ng3 Nc4 15. Qe2 b5 16. a4 a6 17. axb5 axb5 18. Be4 Be7 19. Rd1 Bxe4 20. Qxe4 g6 21. Bh6 Re8 22. Be3 Bg5 23. Qf3 Nd6 24. Ne4 Nxe4 25. Qxe4 Bxe3 26. Qxe3 Qd7 27. Ra1 Qd6 28. Ra7 Ra8 29. Rxa8 Rxa8 30. Qe2 Ra3 31. Rd3 Ra1+ 32. Kg2 Ra4 33. f3 Rc4 34. Re3 Qxd5 35. Rxe5 Qd6 36. Rxb5 Rxc3 37. Rb3 1/2-1/2

[Event "XVIII Orsha IM 2020"]
[Site "Orsha"]
[Date "2020.01.21"]
[Round "6.5"]
[White "Kononenko, Dmitry"]
[Black "Makoveev, Ilya"]
[Result "1-0"]
[ECO "A30"]
[WhiteElo "2321"]
[BlackElo "2277"]
[Annotator "ChessBase"]
[PlyCount "79"]
[EventDate "2020.01.18"]
[EventType "tourn"]
[EventCountry "BLR"]
[SourceTitle "playchess.com"]
[Source "ChessBase"]
[SourceQuality "1"]
[TimeControl "5400+30"]

1. Nf3 c5 2. c4 b6 3. Nc3 Bb7 4. g3 g6 5. Bg2 Bg7 6. O-O d6 7. d3 Nf6 8. e4 O-O 9. h3 Nc6 10. Be3 Rc8 11. Nh2 Nd7 12. f4 Nd4 13. Nf3 Nb8 14. Qd2 Nbc6 15. Rae1 a6 16. Ne2 b5 17. b3 Qd7 18. f5 Nxe2+ 19. Rxe2 Ne5 20. Bh6 f6 21. Be3 e6 22. cxb5 axb5 23. d4 Nxf3+ 24. Bxf3 gxf5 25. exf5 e5 26. d5 b4 27. Rg2 Rce8 28. Be4 Kh8 29. g4 Qf7 30. Kh2 Rg8 31. Rd1 Bf8 32. Qf2 Be7 33. Qf3 h5 34. Rdg1 Rg7 35. g5 fxg5 36. Bxg5 Bxg5 37. Rxg5 Rxg5 38. Rxg5 Rg8 39. Rxh5+ Kg7 40. f6+ 1-0

[Event "XVIII Orsha IM 2020"]
[Site "Orsha"]
[Date "2020.01.22"]
[Round "7.1"]
[White "Makoveev, Ilya"]
[Black "Gogolev, Artem"]
[Result "1/2-1/2"]
[ECO "C65"]
[WhiteElo "2277"]
[BlackElo "2328"]
[Annotator "ChessBase"]
[PlyCount "72"]
[EventDate "2020.01.18"]
[EventType "tourn"]
[EventCountry "BLR"]
[SourceTitle "playchess.com"]
[Source "ChessBase"]
[SourceQuality "1"]
[TimeControl "5400+30"]

1. e4 e5 2. Nf3 Nc6 3. Bb5 Nf6 4. d3 Bc5 5. Bxc6 dxc6 6. Nbd2 O-O 7. Nc4 Nd7 8. Qe2 Re8 9. Bd2 Bd6 10. O-O-O Nf8 11. h4 b5 12. Ne3 a5 13. h5 a4 14. Nh4 Ne6 15. Nef5 Be7 16. Kb1 Bg5 17. Bc3 Nd4 18. Bxd4 exd4 19. Qg4 Qf6 20. Qg3 Bxh4 21. Nxh4 a3 22. b3 Qd6 23. f4 h6 24. Nf3 Qc5 25. Qe1 Bg4 26. Rh4 f5 27. e5 Rad8 28. Qd2 Bxf3 29. gxf3 Qd5 30. Rh3 c5 31. Qa5 Qc6 32. Qd2 Qd5 33. Rg3 c4 34. Rdg1 Rd7 35. Qg2 Ree7 36. Rg6 Kh8 1/2-1/2

[Event "XVIII Orsha IM 2020"]
[Site "Orsha"]
[Date "2020.01.22"]
[Round "7.5"]
[White "Runets, Ivan"]
[Black "Alekseev, Vadim"]
[Result "1/2-1/2"]
[ECO "A44"]
[WhiteElo "2304"]
[BlackElo "2354"]
[Annotator "ChessBase"]
[PlyCount "84"]
[EventDate "2020.01.18"]
[EventType "tourn"]
[EventCountry "BLR"]
[SourceTitle "playchess.com"]
[Source "ChessBase"]
[SourceQuality "1"]
[TimeControl "5400+30"]

1. d4 c5 2. d5 e5 3. e4 d6 4. Nc3 Be7 5. Nf3 a6 6. a4 Bg4 7. Bd3 Nd7 8. h3 Bxf3 9. Qxf3 Bg5 10. O-O Bxc1 11. Raxc1 Nh6 12. Rb1 O-O 13. Nd1 Rb8 14. Ne3 b5 15. axb5 axb5 16. b3 g6 17. Ra1 c4 18. bxc4 b4 19. Qg3 Nc5 20. Rad1 f6 21. Kh2 Kh8 22. f4 Nf7 23. Qh4 exf4 24. Qxf4 Ne5 25. Be2 Qe7 26. Bf3 Qg7 27. Rb1 Rb7 28. g4 Nxf3+ 29. Rxf3 Qe7 30. Ng2 g5 31. Qf5 Qxe4 32. Qxe4 Nxe4 33. Rd1 Re8 34. Ne3 b3 35. cxb3 Rxb3 36. Kg2 Rb2+ 37. Kg1 Rb3 38. Kg2 Rb2+ 39. Kg1 Rb3 40. Kg2 Rb2+ 41. Kg1 Ra8 42. Rd4 Ra5 1/2-1/2

[Event "XVIII Orsha IM 2020"]
[Site "Orsha"]
[Date "2020.01.24"]
[Round "9.2"]
[White "Tsaruk, Maksim"]
[Black "Makoveev, Ilya"]
[Result "*"]
[ECO "A60"]
[WhiteElo "2316"]
[BlackElo "2277"]
[Annotator "RC"]
[PlyCount "64"]
[EventDate "2020.01.18"]
[EventType "tourn"]
[EventCountry "BLR"]
[SourceTitle "playchess.com"]
[Source "ChessBase"]
[SourceQuality "1"]
[TimeControl "5400+30"]

1. d4 Nf6 2. c4 e6 3. g3 c5 4. d5 exd5 5. cxd5 b5 6. e4 Nxe4 7. Qe2 Qe7 8. Bg2 Nd6 9. Be3 Na6 10. Nc3 b4 11. Na4 g6 12. O-O-O Bg7 13. Nxc5 O-O 14. Nxa6 Bxa6 15. Qxa6 Nc4 16. d6 Bxb2+ 17. Kc2 Qe5 18. Rd5 Nxe3+ 19. fxe3 Rac8+ 20. Kd2 Bc1+ 21. Kd1 Qa1 22. Nf3 Bxe3+ 23. Ke2 Qb2+ 24. Kxe3 Rfe8+ 25. Ne5 Rxe5+ 26. Kf4 Qf2+ 27. Bf3 Qe3+ 28. Kg4 Qg5+ 29. Kh3 Qh6+ 30. Kg2 Rc2+ 31. Kf1 Qh3+ 32. Kg1 Re1+ *